Map: Бюро находок РВ

Players

llllllllllll - Winner!

  • Race: Zerg Zerg
  • League: Platinum
  • Spawn Location: 1:00

ИИ 2 (новичок)

  • Race: Zerg Zerg
  • Spawn Location: 7:00

VOD

Have the link to the VOD?

Description

Time

  • Played on: May 28, 2018, 3:36 p.m.
  • Length: 4:08
Show
View Real Time Build Order
Export as new Build Order

llllllllllll Zerg - Winner!

Build Orders: Pool First 

Get SALT Encoding   

  12  0:01  Drone  
  13  0:13  Overlord  
  13  0:17  Drone  
  14  0:31  Drone x2  
  14  0:35  Drone  
  17  0:47  Spawning Pool  
  16  0:51  Extractor  
  16  0:54  Drone  
  16  0:57  Overlord  
  16  1:21  Hatchery  
  15  1:34  Zergling x2  
  15  1:36  Queen  
  18  1:44  Zergling x2  
  19  1:54  Metabolic Boost  
  19  2:00  Zergling x4  
  21  2:06  Zergling x2  
  22  2:16  Zergling x2  
  23  2:28  Zergling x2  
  23  2:37  Zergling x4  
  24  2:52  Zergling x8  
  24  2:55  Queen  
  30  3:03  Zergling x2  
  31  3:13  Zergling x4  
  33  3:29  Zergling x2  
  33  3:30  Zergling x4  
  33  3:32  Overlord  
  34  3:42  Zergling x2  
  34  3:43  Zergling x2  
Show
View Real Time Build Order
Export as new Build Order

ИИ 2 (новичок) Zerg 

Build Orders: Pool Only 

Get SALT Encoding   

  12  0:01  Drone  
  13  0:12  Overlord  
  13  0:16  Drone  
  14  0:35  Spawning Pool  
  13  0:37  Extractor  
  13  0:39  Drone  
  13  0:46  Drone  
  14  0:52  Overlord  
  14  1:22  Zergling x2  
  14  1:23  Queen  
  17  1:31  Roach Warren  
  16  1:34  Drone  
  16  1:38  Extractor  
  16  1:41  Drone  
  17  1:50  Zergling x2  
  18  2:00  Drone  
  19  2:08  Drone  
  20  2:17  Drone  
  20  2:18  Zergling x2  
  22  2:27  Overlord  
  22  2:29  Drone  
  23  2:36  Drone  
  24  2:44  Drone  
  25  2:46  Roach  
  28  3:34  Zergling x2  
  17  3:55  Drone x4  
Tags
 
Add a new tag
Caveats
  • Supply blocks, unpowered buildings, or Contaminate may cause inaccurate times.
  • Supply counts are checked every 10 seconds.